 Dungeon Crawl Stone Soup version 0.25.0-37-gb73750e0fb (webtiles) character file.

Game seed: 724869788719719022

218 Revguard the Firebug (level 5, -10/48 HPs)
             Began as an Ogre Fire Elementalist on July 9, 2020.
             Killed by divine providence
             ... invoked by an orc priest
              (15 damage)
             ... on level 2 of the Dungeon.
             The game lasted 00:12:34 (3012 turns).

Revguard the Firebug (Ogre Fire Elementalist)       Turns: 3012, Time: 00:12:34

Health: -10/48     AC:  3    Str: 12    XL:     5   Next: 95%
Magic:  5/10       EV: 10    Int: 16    God:
Gold:   159        SH:  0    Dex: 10    Spells: 3/11 levels left

rFire    + . .     SeeInvis .   f - +0 mace
rCold    . . .     Gourm    .   (no shield)
rNeg     . . .     Faith    .   a - +0 robe
rPois    .         Spirit   .   (helmet restricted)
rElec    .         Reflect  .   (no cloak)
rCorr    .         Harm     .   (gloves unavailable)
MR       .....                  (boots unavailable)
Stlth    ++........             (no amulet)
HPRegen  0.16/turn              h - ring of flight
MPRegen  0.12/turn              l - ring of protection from fire

@: very slightly contaminated
A: large, unfitting armour, tough skin 1
a: Evoke Flight


You were on level 2 of the Dungeon.
You were not hungry.

You visited 1 branch of the dungeon, and saw 3 of its levels.

You collected 159 gold pieces.

Inventory:

Hand Weapons
 f - a +0 mace (weapon)
Armour
 a - a +0 robe (worn)
Jewellery
 h - a ring of flight (left hand)
 l - a ring of protection from fire (right hand)
Scrolls
 b - a scroll of random uselessness {unknown}
 d - a scroll of teleportation {unknown}
 e - a scroll of remove curse {unknown}
 g - a scroll of enchant armour
 i - 2 scrolls of magic mapping {unknown}
 k - 2 scrolls of blinking {unknown}
Potions
 n - a potion of lignification {unknown}
Comestibles
 c - 2 rations
 m - 12 chunks of flesh


   Skills:
 + Level 1.0 Fighting
 + Level 0.5 Maces & Flails
 + Level 2.7 Dodging
 - Level 1.4 Stealth
 + Level 3.6 Spellcasting
 * Level 2.2 Conjurations
 * Level 1.5 Hexes
 + Level 3.6 Fire Magic


You had 3 spell levels left.
You knew the following spells:

 Your Spells              Type           Power        Failure   Level  Hunger
a - Foxfire               Conj/Fire      ##..         5%          1    None
b - Inner Flame           Hex/Fire       ##......     19%         3    ###....
c - Sticky Flame          Conj/Fire      ##......     45%         4    ####...

Your spell library contained the following spells:

 Spells                   Type           Power        Failure   Level  Hunger
 Conjure Flame            Conj/Fire      ##......     16%         3    ###....
 Fireball                 Conj/Fire      ##........   82%         5    ######.


Dungeon Overview and Level Annotations

Branches:
Dungeon (3/15)

Altars:


Innate Abilities, Weirdness & Mutations

You are too large for most types of armour.
You have tough skin. (AC +1)


Message History

The foxfire hits the orc.
The orc is heavily wounded.
The orc misses you. The orc barely misses you.
You climb upwards.
There is a stone staircase leading down here.
The orc priest calls upon Beogh to heal the orc.
The orc's wounds heal themselves!
There is a stone staircase leading down here.
The orc throws a stone.
You see here a buckler.
You flicker for a moment.
The orc throws a stone.
The stone hits you.
* * * LOW HITPOINT WARNING * * *
You see here a stone.
You flicker back into view.
The orc throws a stone.
The stone barely misses you.
You see here a stone.
The orc priest invokes the aid of Beogh against you.
Beogh smites you!
You die...

.......................#..#
..#####..................#####
#.# ###.##.................#
..# #.#####...........[..# ..#
#.###........o.......# ..##
#..##.#.#......o.....# ...##
##.##.#.#......(.....#
.)..######....#.#............#
..#.....#...##..@............#
...####....##)...(...........#
.....#........#.#............#
.)...........................#
.)....................###....#
..............#......## #....#
................(...## #....#
.................#### ######
................##


You could see an orc priest and an orc.

Vanquished Creatures
  Jessica (D:2)
  An orc wizard (D:3)
  A worker ant (D:3)
  7 adders
  An ooze (D:1)
  An adder skeleton (D:3)
  A worm (D:3)
  5 leopard geckos
  An orc (D:3)
  11 bats
  A giant cockroach (D:2)
  6 goblins
  6 hobgoblins
  3 jackals (D:3)
  A quokka (D:3)
  3 frilled lizards
  14 kobolds
  7 rats
71 creatures vanquished.

Vanquished Creatures (others)
  177 foxfires
177 creatures vanquished.

Grand Total: 248 creatures vanquished

Notes
Turn   | Place    | Note
-------+----------+-------------------------------------------
     0 | D:1      | Revguard the Ogre Fire Elementalist began the quest for the
                  | Orb.
     0 | D:1      | Reached XP level 1. HP: 16/16 MP: 3/3
   210 | D:1      | Reached XP level 2. HP: 24/24 MP: 1/5
   855 | D:1      | Reached skill level 1 in Conjurations
  1082 | D:1      | Reached XP level 3. HP: 27/32 MP: 7/7
  1092 | D:1      | Learned a level 3 spell: Inner Flame
  1279 | D:1      | Reached XP level 4. HP: 16/40 MP: 0/8
  1345 | D:1      | Learned a level 4 spell: Sticky Flame
  1359 | D:1      | HP: 2/40 [hobgoblin/+0 flail (3)]
  1367 | D:1      | HP: 1/40 [poisoned by an adder]
  2203 | D:2      | Reached skill level 1 in Hexes
  2228 | D:2      | Noticed Jessica
  2234 | D:2      | Killed Jessica
  2234 | D:2      | Reached skill level 1 in Fighting
  2234 | D:2      | Reached XP level 5. HP: 32/48 MP: 0/10
  2988 | D:3      | HP: 2/48 [orc/+0 trident (4)]
  3012 | D:2      | Killed from afar by an orc priest

Illustrated notes

Levels and vault maps discovered:
D:1:      matt_arrival_grand_opening, layout_loops_corners,
          kennysheep_decorative_pillar, minmay_cupped
D:2:      layout_rooms, minmay_bisected, uniq_jessica
D:3:      layout_rooms, uniq_sigmund

Skill      XL: |  1  2  3  4  5 |
---------------+----------------+-----
Fire Magic     | 3 |  3.6
Dodging        | 2 |  2.7
Conjurations   | 1 2 |  2.2
Spellcasting   | 3 |  3.6
Hexes          | 1 |  1.5
Fighting       | 1 |  1.0
Maces & Flails | |  0.5
Stealth        | |  1.4

Action                   |  1- 3 |  4- 6 || total
-------------------------+-------+-------++-------
Melee: Unarmed           |     7 |       ||     7
       Mace              |    29 |    23 ||    52
 Cast: Foxfire           |    33 |    73 ||   106
       Inner Flame       |       |     4 ||     4
       Sticky Flame      |       |     1 ||     1
  Use: Scroll            |       |     5 ||     5
       Potion            |       |     4 ||     4
  Eat: Chunk             |     1 |     6 ||     7
Armor: Robe              |     9 |    27 ||    36
Dodge: Dodged            |    34 |    68 ||   102
